 Dungeon Crawl Stone Soup version 0.26.1-11-gd32895ea62 (webtiles) character file.

Game seed: 10848277883420675601

2912 turnaway the Tainter (level 9, -17/71 HPs)
             Began as a Demonspawn Venom Mage on July 4, 2021.
             Was an Initiate of Ashenzari.
             Shot with a sling bullet by something (25 damage)
             ... on level 7 of the Dungeon.
             The game lasted 00:15:58 (9934 turns).

turnaway the Tainter (Demonspawn Venom Mage)        Turns: 9934, Time: 00:15:59

Health: -17/71     AC: 14    Str:  9    XL:     9   Next: 49%
Magic:  1/13       EV: 14    Int: 18    God:    Ashenzari [......]
Gold:   69         SH:  0    Dex: 15    Spells: 6/14 levels left

rFire    . . .     SeeInvis .   i - +4 short sword
rCold    . . .     Faith    .   (no shield)
rNeg     . . .     Spirit   .   a - +1 robe
rPois    .         Reflect  .   (helmet unavailable)
rElec    .         Harm     .   (no cloak)
rCorr    .         Rampage  .   r - +1 pair of gloves (curse)
Will     .....                  (no boots)
Stlth    ++........             (no amulet)
HPRegen  0.21/turn              (no ring)
MPRegen  0.13/turn              (no ring)

@: sanguine armour
A: horns 3, miasma immunity, sanguine armour 2
a: Renounce Religion, Curse Item


You were on level 7 of the Dungeon.
You worshipped Ashenzari.
Ashenzari was noncommittal.
You visited 2 branches of the dungeon, and saw 8 of its levels.
You also visited: Sewer and Ossuary.

You collected 316 gold pieces.
You spent 247 gold pieces at shops.

Inventory:

Hand Weapons
 i - a +4 short sword (weapon)
Missiles
 w - 3 throwing nets
Armour
 a - a +1 robe (worn)
 r - a cursed +1 pair of gloves (worn)
Jewellery
 u - an uncursed ring of protection from fire
Wands
 o - a wand of iceblast (3)
 q - a wand of enslavement (7)
 x - a wand of flame (14)
Scrolls
 b - 6 scrolls of identify
 c - 7 scrolls of teleportation
 f - 3 scrolls of amnesia
 g - 6 scrolls of remove curse
 p - 2 scrolls of blinking
 s - a scroll of enchant armour
 v - a scroll of magic mapping {unknown}
Potions
 e - 2 potions of resistance
 h - 2 potions of lignification
 j - 2 potions of berserk rage
 k - 2 potions of attraction
 l - a potion of magic
 m - a potion of haste {unknown}
 n - 2 potions of heal wounds {unknown}
 t - a potion of curing
Miscellaneous
 d - a tin of tremorstones (inert)


   Skills:
 + Level 6.7 Fighting
 - Level 2.0 Short Blades
 - Level 4.2 Dodging
 - Level 2.0 Stealth
 - Level 3.0 Spellcasting
 - Level 2.0 Transmutations
 - Level 2.0 Fire Magic
 + Level 9.5 Poison Magic
 - Level 1.2 Evocations


You had 6 spell levels left.
You knew the following spells:

 Your Spells              Type           Power        Failure   Level
a - Sting                 Tmut/Pois      92%          1%          1
b - Ignite Poison         Fire/Tmut/Pois 18%          8%          3
d - Olgreb's Toxic Radia  Pois           37%          3%          4

Your spell library contained the following spells:

 Spells                   Type           Power        Failure   Level
 Poisonous Vapours        Pois/Air       38%          3%          2
 Mephitic Cloud           Conj/Pois/Air  14%          13%         3


Dungeon Overview and Level Annotations

Branches:
Dungeon (7/15)             Temple (1/1) D:6           Sewer (visited)
Ossuary (visited)

Altars:
Ashenzari
Cheibriados
Dithmenos
Elyvilon
Fedhas
Gozag
Hepliaklqana
Kikubaaqudgha
Makhleb
Nemelex Xobeh
Okawaru
Qazlal
Ru
Sif Muna
Trog
Uskayaw
Vehumet
Wu Jian
Yredelemnul
Zin
The Shining One

Shops:
D:6 ?

Annotations:
D:7 Joseph


Innate Abilities, Weirdness & Mutations

You have a pair of large horns on your head.
You are immune to miasma.
When seriously injured, your bleeding wounds create thick armour. (AC +9)


Message History

Confirm with . or Enter, or press ? or * to list all spells.
Okay, then.
Unknown command.
Okay, then.
Unknown command.
You tear a large gash into the net.
The gnoll sergeant shouts!
You shred the net and break free!
A sling bullet appears from out of thin air!
The sling bullet hits you.
A sling bullet appears from out of thin air!
The sling bullet hits you!!
* * * LOW HITPOINT WARNING * * *
You see here a sling bullet.
Aiming: Iceblast
Press: ? - help, Shift-Dir - straight line The mass of ice explodes!
The iceblast engulfs something.
A sling bullet appears from out of thin air!
The sling bullet hits you!!
You die...

........###...##....#
##........#...#######
.'........+....#.>..#
.#..[.....#....#....#
.#........#....'....#
.#........#...##....#
.#........#...##....#
.#........#...#.....#
.#........#...'.@...#
##........#...##(...#
....############'####
..).# #.{..# ....#
.....# ....# #.....#
....# #gg..$# ....#
#.g...# ....# '.....#


You could see a gnoll sergeant and 2 gnolls.

Vanquished Creatures
  Harold (D:7)
  Grinder (D:5)
  Duvessa (D:6)
  A water moccasin (Sewer)
  3 black bears (D:6)
  2 orc warriors (D:6)
  A sky beast (D:5)
  An ice beast (D:6)
  A centaur (D:6)
  2 bullfrogs
  2 scorpions
  Dowan (D:6)
  A howler monkey (D:5)
  3 centaur zombies (Ossuary)
  A hound (D:5)
  A jelly (D:6)
  3 orc priests (D:6)
  3 orc wizards
  2 iguanas
  4 worker ants
  4 mummies (Ossuary)
  A gnoll (D:7)
  13 adders
  A shadow imp (D:6)
  An ufetubus (D:6)
  An ooze (D:1)
  An adder zombie (D:6)
  An adder skeleton (D:4)
  4 worms
  2 leopard geckos
  14 orcs
  2 ball pythons
  6 giant cockroaches
  A gnoll zombie (Ossuary)
  6 goblins
  7 hobgoblins
  6 jackals
  7 kobolds
  4 quokkas
  5 bats
  6 frilled lizards
  A hobgoblin zombie (Ossuary)
  2 kobold zombies (Ossuary)
  An orc zombie (Ossuary)
  8 rats
140 creatures vanquished.

Notes
Turn   | Place    | Note
-------+----------+-------------------------------------------
     0 | D:1      | turnaway the Demonspawn Venom Mage began the quest for the
                  | Orb.
     0 | D:1      | Reached XP level 1. HP: 13/13 MP: 3/3
   117 | D:1      | Reached skill level 1 in Transmutations
   430 | D:1      | Gained mutation: You have a pair of small horns on your
                  | head. [demonic ancestry]
   430 | D:1      | Reached XP level 2. HP: 19/19 MP: 1/5
  1531 | D:2      | Gained mutation: You have a pair of horns on your head.
                  | [demonic ancestry]
  1531 | D:2      | Reached XP level 3. HP: 18/24 MP: 2/6
  1704 | D:2      | Learned a level 3 spell: Ignite Poison
  2472 | D:2      | Reached skill level 1 in Fire Magic
  2762 | D:3      | Reached skill level 4 in Poison Magic
  2858 | D:3      | Gained mutation: You are immune to miasma. [demonic
                  | ancestry]
  2858 | D:3      | Reached XP level 4. HP: 19/30 MP: 2/7
  2907 | D:3      | Found a glowing drain.
  2911 | Sewer    | Entered a sewer
  3359 | Sewer    | Noticed a water moccasin
  3364 | Sewer    | Learned a level 2 spell: Poisonous Vapours
  3372 | Sewer    | Killed a water moccasin
  3373 | Sewer    | Reached skill level 1 in Fighting
  3373 | Sewer    | Reached XP level 5. HP: 28/38 MP: 6/8
  4219 | D:3      | Gained mutation: When seriously injured, your bleeding
                  | wounds create armour. (AC +9) [demonic ancestry]
  4219 | D:3      | Reached XP level 6. HP: 31/44 MP: 1/9
  4279 | D:3      | Reached skill level 1 in Short Blades
  4703 | D:3      | Reached skill level 1 in Evocations
  4879 | D:3      | Reached skill level 5 in Poison Magic
  5115 | D:4      | Found a sand-covered staircase.
  5119 | Ossuary  | Entered an ossuary
  5334 | Ossuary  | Learned a level 4 spell: Olgreb's Toxic Radiance
  5801 | Ossuary  | Reached XP level 7. HP: 46/50 MP: 11/11
  6492 | D:5      | Entered Level 5 of the Dungeon
  6546 | D:5      | Noticed Grinder
  6556 | D:6      | Noticed Dowan
  6559 | D:6      | Noticed Duvessa
  6560 | D:6      | Reached skill level 6 in Poison Magic
  6574 | D:5      | Paralysed by Grinder for 7 turns
  6580 | D:5      | HP: 2/50 [scorpion (8)]
  6798 | D:5      | Paralysed by Grinder for 7 turns
  6813 | D:5      | Killed Grinder
  7343 | D:5      | Gained mutation: When seriously injured, your bleeding
                  | wounds create thick armour. (AC +9) [demonic ancestry]
  7343 | D:5      | Reached XP level 8. HP: 31/56 MP: 7/12
  7441 | D:5      | Reached skill level 7 in Poison Magic
  7618 | D:6      | Killed Dowan
  7752 | D:6      | Killed Duvessa
  7814 | D:6      | Found a staircase to the Ecumenical Temple.
  7827 | Temple   | Entered the Ecumenical Temple
  7996 | Temple   | Became a worshipper of Ashenzari the Shackled
  8455 | D:6      | Reached skill level 8 in Poison Magic
  8677 | D:6      | Reached skill level 5 in Fighting
  8877 | D:6      | Found a stormy altar of Qazlal.
  8971 | D:6      | Found Feovvote's Magic Scroll Shoppe.
  8980 | D:6      | Bought a scroll of remove curse for 33 gold pieces
  8980 | D:6      | Bought 2 scrolls of teleportation for 66 gold pieces
  8980 | D:6      | Bought 3 scrolls of identify for 66 gold pieces
  8980 | D:6      | Bought a scroll of enchant armour for 82 gold pieces
  9029 | D:6      | Gained mutation: You have a pair of large horns on your
                  | head. [demonic ancestry]
  9029 | D:6      | Reached XP level 9. HP: 49/68 MP: 5/13
  9509 | D:7      | Noticed Harold
  9528 | D:7      | Killed Harold
  9529 | D:7      | Reached skill level 9 in Poison Magic
  9917 | D:7      | Noticed Joseph
  9934 | D:7      | Shot with a sling bullet by something

Illustrated notes

Levels and vault maps discovered:
D:1:      dpeg_arrival_rhombi, layout_basic
D:2:      layout_basic, st_stairs_14
D:3:      layout_basic, gup_sewer_entry_spiral
D:4:      layout_cave_pools, enter_ossuary_5, small_statue_intersection
D:5:      layout_cave_pools, uniq_grinder
D:6:      layout_basic, minmay_temple_entry_sparse_star, serial_shops, shop,
          grunt_ministairs_14, grunt_qazlal_clouds, uniq_duvessa
D:7:      cheibrodos_iron_armory, layout_gridville,
          kennysheep_opposing_triangles, uniq_joseph, uniq_harold
Temple:   kilobyte_greek_temple

Skill      XL: |  1  2  3  4  5  6  7  8  9 |
---------------+----------------------------+-----
Transmutations | 1 2 |  2.0
Fire Magic     | 1 2 |  2.0
Poison Magic   | 4 5 6 8 9 |  9.5
Fighting       | 1 2 5 6 |  6.7
Short Blades   | 2 |  2.0
Evocations     | 1 |  1.2
Spellcasting   | 3 |  3.0
Dodging        | 2 4 |  4.2
Stealth        | 2 |  2.0

Action                   |  1- 3 |  4- 6 |  7- 9 || total
-------------------------+-------+-------+-------++-------
Melee: Unarmed           |    40 |       |       ||    40
       Short sword       |    49 |   151 |   116 ||   316
       Headbutt          |     3 |    25 |    16 ||    44
 Cast: Sting             |    34 |    49 |    80 ||   163
       Ignite Poison     |       |       |    10 ||    10
       Olgreb's Toxic Ra |       |       |     6 ||     6
Invok: Curse Item        |       |       |     1 ||     1
Evoke: Tin of tremorston |       |     2 |     1 ||     3
       Wand              |       |       |     1 ||     1
  Use: Scroll            |     3 |     7 |     7 ||    17
       Potion            |     1 |     2 |     6 ||     9
 Stab: Sleeping          |     5 |     2 |     3 ||    10
       Distracted        |       |     3 |       ||     3
Armor: Robe              |    16 |    33 |    41 ||    90
       Skin              |       |       |     8 ||     8
Dodge: Dodged            |    77 |   123 |   140 ||   340
